 Dungeon Crawl Stone Soup version 0.18-a0-867-gfd1cc8f (webtiles) character file.

5668 Raultor the Martial Artist (level 10, -1/91 HPs)
             Began as a Mottled Draconian Monk on Dec 21, 2015.
             Slain by a troll (2 damage)
             ... on level 8 of the Dungeon.
             The game lasted 00:26:32 (9793 turns).

Raultor the Martial Artist (Mottled Draconian Monk) Turns: 9793, Time: 00:26:33

Health: -1/91      AC:  7    Str: 13    XL:     10   Next: 47%
Magic:  10/10      EV: 17    Int: 11    God:
Gold:   508        SH:  0    Dex: 17    Spells: 0 memorised, 9 levels left

rFire  . . .     SeeInvis .       - Unarmed
rCold  . . .     Gourm    .     (armour unavailable)
rNeg   . . .     Faith    .     (no shield)
rPois  +         Spirit   .     (helmet restricted)
rElec  .         Dismiss  .     (no cloak)
rCorr  .         Reflect  .     (no gloves)
SustAt .         Harm     .     (no boots)
MR     .....                    D - amulet of regeneration {+regen, !d}
Stlth  +++.......               o - ring of stealth {Stlth+}
                                r - ring of poison resistance {rPois, !d}

@: short of breath, not resistant to hostile enchantments, fairly stealthy
A: breathe sticky flame splash, unfitting armour, cold-blooded, AC +7
a: Breathe Sticky Flame


You were on level 8 of the Dungeon.
You were hungry.

You visited 2 branches of the dungeon, and saw 10 of its levels.
You also visited: Sewer and Ossuary.

You collected 508 gold pieces.

Inventory:

Missiles
 B - 2 throwing nets {=f, !d}
Jewellery
 e - an uncursed ring of teleportation {+/*tele, !d}
   (You found it on level 5 of the Dungeon)
 o - a ring of stealth (right hand) {Stlth+}
   (You found it on level 5 of the Dungeon)
 r - a ring of poison resistance (left hand) {rPois, !d}
   (You found it on level 4 of the Dungeon)
 D - an amulet of regeneration (around neck) {+regen, !d}
   (You found it on level 7 of the Dungeon)
 J - an uncursed ring of protection from cold {unknown}
   (You found it on level 8 of the Dungeon)
Scrolls
 b - a scroll of vulnerability {unknown}
 d - 3 scrolls of remove curse
 h - 3 scrolls of identify
 i - 3 scrolls of blinking {unknown}
 j - 2 scrolls of immolation {unknown}
 k - a scroll of amnesia {unknown}
 m - 2 scrolls of enchant armour {unknown}
 n - 2 scrolls of random uselessness {unknown}
 s - a scroll of teleportation {unknown}
 t - a scroll of fear {unknown}
 u - a scroll of magic mapping {unknown}
 x - a scroll of recharging {unknown}
 F - 2 scrolls of enchant weapon {unknown}
Potions
 c - 4 potions of curing
 f - 3 potions of heal wounds
 g - 2 potions of resistance
 v - a potion of agility
 w - 2 potions of cancellation
 z - 2 potions of might
 A - 2 potions of berserk rage {!q}
 C - a potion of cure mutation {!q}
 I - a potion of magic
Books
 y - a book of Summonings
   (You found it on level 7 of the Dungeon)
Comestibles
 a - 3 bread rations {@e1}
 l - 2 beef jerkies
 p - 10 fruits
 q - 2 meat rations {@e2}
 E - a slice of pizza
 G - 10 royal jellies


   Skills:
 + Level 9.5 Fighting
 + Level 7.5 Dodging
 - Level 1.7 Stealth
 * Level 11.7 Unarmed Combat


You had 9 spell levels left.
You didn't know any spells.

Dungeon Overview and Level Annotations

Branches:
Dungeon (9/15)             Temple (1/1) D:6
   Lair: D:8-11         Orc: D:9-12

Altars:
Cheibriados
Dithmenos
Elyvilon
Fedhas
Gozag
Kikubaaqudgha
Makhleb
Nemelex Xobeh
Okawaru
Pakellas
Qazlal
Ru
Sif Muna
Trog
Vehumet
Xom
Yredelemnul
Zin
The Shining One
Lugonu

Annotations:
D:3 WhatIsLove's ghost, amateur DsBe
D:5 Duvessa


Innate Abilities, Weirdness & Mutations

You can spit globs of burning liquid.
You can ignite nearby creatures when you spit burning liquid.
Your weird mottled scales are hard (AC +7).
Your body does not fit into most forms of armour.
You are cold-blooded and may be slowed by cold attacks.


Message History

The troll barely misses you. The troll claws you but does no damage.
You take 8 damage, and have 79/91 hp.
You hit the troll. The troll closely misses you. The troll closely misses you.
The troll completely misses you.
You punch the troll! You punch the troll!
You kill the troll!
You climb downwards.
A troll comes into view.
The orc hits you with a flail! The hell rat bites you.
There is a stone staircase leading up here.
You take 10 damage, and have 71/91 hp.
The orc shouts!
The hell rat barely misses you. The orc misses you.
You climb upwards.
There is a stone staircase leading down here.
You regained 2 hp, and now have 73/91 hp.
You hit the hell rat. The hell rat barely misses you.
You hit the hell rat. You tail-slap the hell rat. The orc misses you.
The hell rat bites you.
You take 4 damage, and have 69/91 hp.
You closely miss the hell rat. The hell rat misses you.
The orc hits you but does no damage.
You punch the hell rat!
You kill the hell rat!
You barely miss the orc. The orc barely misses you.
You hit the orc. You tail-slap the orc. You punch the orc!
You kill the orc!
No target in view!
You start resting.
Health restored: 91 You climb downwards.
The orc barely misses you. The orc misses you. The orc barely misses you.
There is a stone staircase leading up here.
The ogre shouts!
You punch the orc!
You kill the orc!
You hear a roar!
You hear a shout!
You punch the orc!
You kill the orc!
You closely miss the ogre. The ogre hits you with a giant club!!
You climb upwards.
There is a stone staircase leading down here.
You take 25 damage, and have 66/91 hp.
MASSIVE DAMAGE!!
You punch the ogre! The ogre hits you with a giant club!!
You take 18 damage, and have 48/91 hp.
You hit the ogre. You tail-slap the ogre. You hit the ogre.
You tail-slap the ogre. The ogre completely misses you.
You punch the ogre!
You kill the ogre!
You see here a giant club.
There is a stone staircase leading down, spattered with blood here.
You regained 6 hp, and now have 55/91 hp.
You start resting.
Some of the chunks of flesh in your inventory have rotted away.
All of the chunks of flesh in your inventory have rotted away.
Health restored: 91 You climb downwards.
There is a stone staircase leading up here.
You punch the scorpion! The scorpion misses you.
You punch the scorpion!
You kill the scorpion!
You completely miss the troll. The troll bites you! The troll claws you.
The troll closely misses you.
You take 18 damage, and have 73/91 hp.
The troll bites you. The troll claws you but does no damage.
The troll claws you.
You climb upwards.
There is a stone staircase leading down, spattered with blood here.
You take 4 damage, and have 69/91 hp.
You punch the troll! You punch the troll. You hit the troll.
You tail-slap the troll, but do no damage.
The troll bites you. The troll completely misses you.
The troll barely misses you.
You take 2 damage, and have 67/91 hp.
You hit the troll but do no damage. The troll barely misses you.
The troll claws you but does no damage. The troll claws you.
You take 4 damage, and have 63/91 hp.
You closely miss the troll. The troll bites you! The troll claws you.
The troll claws you!
You take 29 damage, and have 34/91 hp.
MASSIVE DAMAGE!!
You completely miss the troll.
Your tail-slap misses the troll.
You barely miss the troll. The troll bites you!!
* * * LOW HITPOINT WARNING * * *
The troll closely misses you. The troll claws you but does no damage.
You take 19 damage, and have 15/91 hp.
MASSIVE DAMAGE!!
Aim: a troll (moderately wounded)
You spit a glob of burning liquid.
The splash of liquid fire misses the troll.
You are feeling hungry.
The troll misses you. The troll claws you!
* * * LOW HITPOINT WARNING * * *
The troll claws you.
You die...

#..####.#...###.# #.#.# #..#
#.#...# #.# #.#.#
#..####.#...###.###.#.#######
#........>........[..........
##.####.#....................
#.# #.##.####.....#.##.....
#.## #.............#.#......
#..# ####.T@.........#......
##.###########......##......
#.##.........##............
#.##.#.#.#.#.#####.##......
#.#..........#####.##..###.
#.##...))..#.......##......
#.#...[>)..^.########.#####
#.##..†)...#.# #.#


You could see a troll.

Vanquished Creatures
  Pikel (D:5)
  The ghost of M4edhros the Sneak, a novice OpAr (D:5)
  A troll (D:8)
  A wyvern (D:6)
  A hippogriff (D:9)
  A hungry ghost (D:7)
  Edmund (D:5)
  2 water moccasins
  2 sky beasts (D:5)
  A necrophage (D:6)
  A porcupine (D:8)
  A phantom (D:6)
  An orc warrior (D:7)
  2 black bears (D:8)
  6 ogres
  A crocodile (D:8)
  2 elf zombies (Ossuary)
  5 giant frogs
  3 scorpions
  6 killer bees (D:7)
  8 wights
  A giant frog zombie (D:7)
  2 crimson imps
  3 orc priests
  5 centaur zombies
  4 hounds
  A human zombie (Ossuary)
  3 jellies (D:8)
  An iguana (D:8)
  A hell rat (D:8)
  4 orc wizards
  Natasha (thrice) (D:3)
  7 worker ants
  A big kobold zombie (Ossuary)
  3 hound zombies
  A worker ant zombie (D:6)
  A hound skeleton (D:5)
  3 mummies (Ossuary)
  Robin (D:3)
  4 gnolls (D:7)
  9 adders
  A river rat (D:8)
  A shadow imp (D:8)
  8 oozes
  3 adder zombies
  3 worms
  8 giant geckos
  18 orcs
  A ball python (Sewer)
  6 bats
  10 giant cockroaches
  A gnoll zombie (Ossuary)
  15 goblins
  8 hobgoblins
  4 jackals (D:7)
  11 kobolds
  A quokka (D:6)
  A giant gecko skeleton (D:4)
  8 giant newts
  5 goblin zombies (Ossuary)
  3 hobgoblin zombies (Ossuary)
  3 jackal zombies (Ossuary)
  6 kobold zombies (Ossuary)
  An orc zombie (Ossuary)
  2 quokka skeletons
  2 quokka zombies
  9 rats
  4 rat zombies (Ossuary)
249 creatures vanquished.

Vanquished Creatures (others)
  2 slaves (D:5)
  Dowan (D:5)
3 creatures vanquished.

Grand Total: 252 creatures vanquished

Notes
Turn   | Place    | Note
--------------------------------------------------------------
     0 | D:1      | Raultor the Draconian Monk began the quest for the Orb.
     0 | D:1      | Reached XP level 1. HP: 19/19 MP: 1/1
   268 | D:1      | Reached XP level 2. HP: 23/26 MP: 2/2
   711 | D:2      | Found a faded altar to an unknown god.
   782 | D:2      | Reached XP level 3. HP: 30/33 MP: 3/3
  1355 | D:3      | Found an ancient bone altar of Kikubaaqudgha.
  1373 | D:3      | Reached skill level 4 in Fighting
  1403 | D:3      | Noticed Robin
  1427 | D:3      | Killed Robin
  1427 | D:3      | Reached skill level 3 in Dodging
  1427 | D:3      | Reached XP level 4. HP: 24/40 MP: 4/4
  1445 | D:3      | Reached skill level 5 in Unarmed Combat
  1509 | D:3      | Noticed WhatIsLove's ghost (amateur DsBe)
  1748 | D:3      | Noticed Natasha
  1762 | D:3      | Killed Natasha
  1870 | D:3      | Reached XP level 5. HP: 44/47 MP: 5/5
  1901 | D:3      | Noticed Natasha
  2050 | D:3      | Killed Natasha
  2105 | D:3      | Noticed Natasha
  2514 | D:3      | Killed Natasha
  2661 | D:4      | Noticed an ogre
  2669 | D:4      | Found a deep blue altar of Sif Muna.
  2712 | D:3      | HP: 8/47 [something/puff of flame (9)]
  3161 | D:3      | Reached XP level 6. HP: 46/55 MP: 6/6
  3407 | D:4      | Found a sparkling altar of Nemelex Xobeh.
  3414 | D:4      | Reached skill level 6 in Unarmed Combat
  3426 | D:4      | Reached skill level 5 in Fighting
  3439 | D:4      | Found a stormy altar of Qazlal.
  3442 | D:4      | Found a sacrificial altar of Ru.
  3830 | D:5      | Entered Level 5 of the Dungeon
  3853 | D:5      | Noticed Edmund
  3879 | D:5      | Killed Edmund
  3879 | D:5      | Reached skill level 4 in Dodging
  3879 | D:5      | Your scales start taking on a weird mottled colour.
  3879 | D:5      | Reached XP level 7. HP: 27/61 MP: 7/7
  3933 | D:5      | Noticed Duvessa
  3933 | D:5      | Noticed Dowan
  4051 | D:5      | Found an oddly glowing altar of Pakellas.
  4051 | D:5      | Found an opulent altar of Gozag.
  4151 | D:5      | Reached skill level 7 in Unarmed Combat
  4418 | D:5      | Reached skill level 6 in Fighting
  4479 | D:5      | Found a glowing drain.
  4488 | Sewer    | Entered a sewer
  4745 | Sewer    | Reached XP level 8. HP: 42/70 MP: 8/8
  5004 | D:5      | Noticed Pikel
  5028 | D:5      | Killed Pikel
  5028 | D:5      | Reached skill level 5 in Dodging
  5028 | D:5      | Reached skill level 8 in Unarmed Combat
  5325 | D:5      | Reached skill level 7 in Fighting
  5426 | D:5      | Killed Dowan
  5453 | D:5      | Noticed M4edhros's ghost (novice OpAr)
  5463 | D:5      | Killed M4edhros's ghost
  5463 | D:5      | Reached skill level 9 in Unarmed Combat
  5463 | D:5      | Reached XP level 9. HP: 72/79 MP: 9/9
  6122 | D:6      | Reached skill level 6 in Dodging
  6247 | D:6      | Found a basalt altar of Yredelemnul.
  6315 | D:6      | Reached skill level 10 in Unarmed Combat
  6662 | D:6      | Reached skill level 8 in Fighting
  6827 | D:6      | Found a staircase to the Ecumenical Temple.
  6833 | Temple   | Entered the Ecumenical Temple
  7329 | D:7      | Found a sparkling altar of Nemelex Xobeh.
  8047 | D:7      | Found a white marble altar of Elyvilon.
  8047 | D:7      | Found a glowing silver altar of Zin.
  8052 | D:7      | Found a glowing golden altar of the Shining One.
  8438 | D:8      | Reached XP level 10. HP: 82/90 MP: 10/10
  8546 | D:8      | Reached skill level 11 in Unarmed Combat
  8592 | D:8      | Found a sand-covered staircase.
  8596 | Ossuary  | Entered an ossuary
  8657 | Ossuary  | Reached skill level 9 in Fighting
  8657 | Ossuary  | Reached skill level 7 in Dodging
  9792 | D:8      | HP: 15/91 [troll (20)]
  9793 | D:8      | HP: 1/91 [troll (15)]
  9793 | D:8      | Slain by a troll

Vault maps used:
D:1:      nagdon_arrival_double_spiral
D:2:      ecumenical_altar_1, corexii_item_surrounded_by_moat
D:3:      kiku_gazebo_pond_becter, first_bread, hangedman_decor_points,
          uniq_robin, uniq_natasha
D:4:      nicolae_overflow_crystal_walls, grunt_temple_overflow_diamond
D:5:      amethyst_overflow_temple_binary, serial_park, serial_park_tiny_2,
          serial_park_tiny_2, serial_park_tiny_2, serial_park_square2,
          serial_park_tiny_2, lightli_sewer_entry_pipes, nrook_pool_corridor,
          uniq_duvessa, uniq_edmund, uniq_pikel
D:6:      yredelemnul_altar_generic, minmay_temple_entry_hall,
          due_unseen_surprise
D:7:      good_gods_temple_1, basic_altar
D:8:      enter_ossuary_5, hangedman_little_slice_of_home,
          hangedman_glass_teeth, st_stairs_4
D:9:      ashenzari_altar_1, dpeg_lair_monsters
Temple:   corrupted_temple
Sewer:    sewer_frog_island_01
Ossuary:  minmay_ossuary_two_tombs

Action                   |  1- 3 |  4- 6 |  7- 9 | 10-12 || total
-------------------------+-------+-------+-------+-------++-------
Melee: Unarmed           |   132 |   202 |   443 |   273 ||  1050
 Abil: Breathe Sticky Fl |       |       |    13 |     3 ||    16
  Use: Potion            |       |     5 |       |       ||     5
       Scroll            |       |       |     5 |     3 ||     8
 Stab: Sleeping          |     1 |       |     4 |     8 ||    13
       Distracted        |       |     1 |       |       ||     1
  Eat: Chunk             |     1 |     7 |    17 |     3 ||    28
       Pizza             |       |     1 |       |       ||     1
       Royal jelly       |       |       |     1 |       ||     1
       Beef jerky        |       |       |       |     1 ||     1

Vault maps used:
D:1:      nagdon_arrival_double_spiral
D:2:      ecumenical_altar_1, corexii_item_surrounded_by_moat
D:3:      kiku_gazebo_pond_becter, first_bread, hangedman_decor_points,
          uniq_robin, uniq_natasha
D:4:      nicolae_overflow_crystal_walls, grunt_temple_overflow_diamond
D:5:      amethyst_overflow_temple_binary, serial_park, serial_park_tiny_2,
          serial_park_tiny_2, serial_park_tiny_2, serial_park_square2,
          serial_park_tiny_2, lightli_sewer_entry_pipes, nrook_pool_corridor,
          uniq_duvessa, uniq_edmund, uniq_pikel
D:6:      yredelemnul_altar_generic, minmay_temple_entry_hall,
          due_unseen_surprise
D:7:      good_gods_temple_1, basic_altar
D:8:      enter_ossuary_5, hangedman_little_slice_of_home,
          hangedman_glass_teeth, st_stairs_4
D:9:      ashenzari_altar_1, dpeg_lair_monsters
Temple:   corrupted_temple
Sewer:    sewer_frog_island_01
Ossuary:  minmay_ossuary_two_tombs

Table legend:
 A = Turns spent in this place as a percentage of turns spent in the entire game.
 B = Non-inter-level travel turns spent in this place as a percentage of non-inter-level travel turns spent in the entire game.
 C = Inter-level travel turns spent in this place as a percentage of turns spent in this place.
 D = Turns resting spent in this place as a percentage of non-inter-level travel turns spent in this place.
 E = Turns spent auto-exploring this place as a percentage of non-inter-level travel turns spent in this place.
 F = Non-inter-level travel turns spent in this place divided by the number of levels of this place that you've seen.
                   A       B       C       D       E      F
               +-------+-------+-------+-------+-------+----------------------
         Total | 100.0 | 100.0 |   0.6 |   2.5 |   8.3 | 233.7
       Dungeon |  82.2 |  82.1 |   0.7 |   2.9 |   8.7 | 255.9
        Temple |   0.4 |   0.3 |  10.0 |   0.0 |  88.9 |   9.0
         Sewer |   7.5 |   7.5 |   0.0 |   1.4 |   4.3 | 211.0
       Ossuary |  10.0 |  10.0 |   0.0 |   0.0 |   5.0 | 281.0
               +-------+-------+-------+-------+-------+----------------------

Table legend:
 A = Kills in this place as a percentage of kills in entire the game.
 B = Kills by you in this place as a percentage of kills by you in the entire game.
 C = Kills by friends in this place as a percentage of kills by friends in the entire game.
 D = Other kills in this place as a percentage of other kills in the entire game.
 E = Experience gained in this place as a percentage of experience gained in the entire game.
 F = Experience gained in this place divided by the number of levels of this place that you have seen.
                   A       B       C       D       E      F
               +-------+-------+-------+-------+-------+----------------------
         Total | 100.0 | 100.0 |  -nan |  -nan | 100.0 | 674.8
       Dungeon |  76.7 |  76.7 |  -nan |  -nan |  90.3 | 812.1
         Sewer |   7.6 |   7.6 |  -nan |  -nan |   2.8 | 226.0
       Ossuary |  15.7 |  15.7 |  -nan |  -nan |   7.0 | 563.0
               +-------+-------+-------+-------+-------+----------------------
